 Dungeon Crawl Stone Soup version 0.17-a0-1714-g35622ae (webtiles) character file.

9359 kae the Fencer (level 11, 0/83 HPs)
             Began as a Minotaur Fighter on Aug 23, 2015.
             Was an Elder of Qazlal.
             Slain by an orc warrior
             ... wielding a +0 halberd
              (20 damage)
             ... in a bailey.
             The game lasted 00:14:45 (10010 turns).

kae the Fencer (Minotaur Fighter)                  Turns: 10010, Time: 00:14:46

Health: 0/83       AC: 13    Str: 22    XL:     11   Next: 22%
Magic:  11/18      EV:  9    Int:  7    God:    Qazlal [****..]
Gold:   350        SH:  5    Dex: 14    Spells: 0 memorised, 10 levels left

rFire  . . .     SeeInvis .     E - +4 great sword (protect)
rCold  . . .     Clarity  +     e - +1 scale mail
rNeg   . . .     SustAt   .     (no shield)
rPois  .         Gourm    .     (helmet restricted)
rElec  .         Spirit   .     (no cloak)
rCorr  .         Warding  .     (no gloves)
rMut   .         Stasis   .     (no boots)
MR     .....                    w - amulet of the Eleven Ships {Clar MR- Dex+4}
Stlth  ..........               (no ring)
                                (no ring)

@: repel missiles, not resistant to hostile enchantments, extremely unstealthy
A: retaliatory headbutt, horns 2
a: Upheaval, Elemental Force, Renounce Religion


You were in a bailey.
You worshipped Qazlal.
Qazlal was greatly pleased with you.
You were not hungry.

You visited 1 branch of the dungeon, and saw 10 of its levels.
You also visited: Bailey.

You collected 350 gold pieces.

Inventory:

Hand weapons
 a - a +1 long sword
 E - a +4 great sword of protection (weapon)
 I - a +2 long sword of freezing
Armour
 c - a +0 shield
 e - a +1 scale mail (worn)
Jewellery
 d - an uncursed ring of teleportation
 j - an uncursed ring of ice
 w - the amulet of the Eleven Ships (around neck) {Clar MR- Dex+4}
   (You found it on level 5 of the Dungeon)

   [amulet of clarity]

   It provides mental clarity.
   It affects your dexterity (+4).
   It affects your resistance to hostile enchantments.
 C - an uncursed ring of fire {unknown}
Magical devices
 J - a wand of confusion (17)
Scrolls
 g - 2 scrolls of teleportation
 h - a scroll of remove curse
 n - 9 scrolls of identify
 p - 2 scrolls of fog
 z - 3 scrolls of amnesia
 L - 2 scrolls of enchant armour
 Q - a scroll of enchant weapon
Potions
 l - 6 potions of curing
 r - 2 potions of cure mutation {unknown}
 s - 2 potions of brilliance {unknown}
 v - 2 potions of berserk rage {unknown}
 B - a potion of agility {unknown}
 D - a potion of haste {unknown}
 G - a potion of lignification {unknown}
Books
 m - Sif Muna's Guide on Good Luck
   (You found it on level 3 of the Dungeon)

   Spells                             Type                      Level
   a - Infusion                       Charms                       1
 o - Kikubaaqudgha's Incunabulum of Necromancy
   (You found it on level 3 of the Dungeon)

   Spells                             Type                      Level
   a - Animate Skeleton               Necromancy                   1
 q - Vehumet's Tome of Attacks
   (You found it on level 3 of the Dungeon)

   Spells                             Type                      Level
   a - Magic Dart                     Conjuration                  1
 y - a book of Minor Magic

   Spells                             Type                      Level
   a - Magic Dart                     Conjuration                  1
   b - Blink                          Translocation                2
   c - Call Imp                       Summoning                    2
   d - Repel Missiles                 Charms/Air                   2
   e - Slow                           Hexes                        2
   f - Conjure Flame                  Conjuration/Fire             3
   g - Mephitic Cloud                 Conjuration/Poison/Air       3
 A - the Disquisition on Helpful Curses
   (You found it on level 7 of the Dungeon)

   Spells                             Type                      Level
   a - Slow                           Hexes                        2
   b - Spectral Weapon                Hexes/Charms                 3
   c - Summon Guardian Golem          Hexes/Summoning              3
   d - Deflect Missiles               Charms/Air                   6
   e - Invisibility                   Hexes                        6
 F - a book of Battle

   Spells                             Type                      Level
   a - Infusion                       Charms                       1
   b - Shroud of Golubria             Charms/Translocation         2
   c - Song of Slaying                Charms                       2
   d - Spectral Weapon                Hexes/Charms                 3
   e - Regeneration                   Charms/Necromancy            3
 H - a book of the Dragon

   Spells                             Type                      Level
   a - Flame Tongue                   Conjuration/Fire             1
   b - Cause Fear                     Hexes                        4
   c - Bolt of Fire                   Conjuration/Fire             6
   d - Dragon Form                    Transmutation                7
   e - Dragon's Call                  Summoning                    9
 K - a book of Necromancy

   Spells                             Type                      Level
   a - Pain                           Necromancy                   1
   b - Animate Skeleton               Necromancy                   1
   c - Vampiric Draining              Necromancy                   3
   d - Regeneration                   Charms/Necromancy            3
   e - Animate Dead                   Necromancy                   4
   f - Control Undead                 Necromancy                   4
Comestibles
 b - 8 bread rations
 f - 8 fruits
 i - 2 beef jerkies
 k - 7 meat rations
 x - 2 royal jellies
 O - a slice of pizza


   Skills:
 + Level 3.8 Fighting
 - Level 15.1 Long Blades
 + Level 3.9 Armour
 - Level 3.6 Shields
 - Level 11.3 Invocations


You had 10 spell levels left.
You didn't know any spells.

Dungeon Overview and Level Annotations

Branches:
Dungeon (10/15)            Temple (0/1) D:5             Orc (0/4) D:9
   Lair: D:8-11

Altars:
Ashenzari
Cheibriados
Elyvilon
Gozag
Kikubaaqudgha
Okawaru
Qazlal
Sif Muna
Trog
Vehumet
Xom
The Shining One

Annotations:
D:10 Fannar


Innate Abilities, Weirdness & Mutations

You reflexively headbutt those who attack you in melee.
You have a pair of horns on your head.


Message History

The blast of rubble hits the orc warrior.
The orc warrior is heavily wounded.
The orc warrior hits you but does no damage.
Use which ability? (? or * to list)
Aiming: Upheaval
Press: ? - help, Dir - move target cursor, f/p - orc warrior
Aim: an orc warrior, wielding a halberd and wearing a scale mail (heavily wounded) Magma suddenly erupts from the ground!
The blast of magma engulfs the orc warrior.
You kill the orc warrior!
Qazlal accepts your kill. x2
You feel a bit more experienced.
You start resting.
The orc warrior hits you with a halberd!
* * * LOW HITPOINT WARNING * * *
You hit the orc warrior. Your headbutt misses the orc warrior.
The orc warrior is lightly wounded.
The orc warrior is engulfed in roaring flames.
The orc warrior hits you with a halberd!!
You die...

#..).....(......#
#.(......(...(.#
#))(....(......#
#o##(.....)(....(# oo
#..(((........# ##o
#(§(()(...(...# '.
#..(.)........# ##o
#.....))......#
#..##@§...........#
#[.§o..)..........#
#..[(.............#
#.....≈≈≈≈≈.......#
#.)..≈≈#.#≈≈......#
.......≈##.##≈......#
.........≈..^..≈......#
.........≈##.##≈.....
.........≈≈ #


You could see an orc warrior.

Vanquished Creatures
  Erolcha (D:8)
  Erica (D:8)
  A manticore (D:9)
  The ghost of 4thArraOfDagon the Skirmisher, an experienced HOVM of Okawaru (D:7)
  Psyche (D:8)
  A centaur skeleton (D:7)
  Grinder (D:5)
  3 yaks (D:9)
  2 hungry ghosts
  2 wargs (D:9)
  Menkaure (D:5)
  A steam dragon (D:8)
  2 sky beasts (D:8)
  A necrophage (D:9)
  2 black bears
  An ice beast (D:6)
  7 orc warriors
  8 spiders
  7 ogres
  2 centaurs
  The ghost of abixa the Cudgeler, an average GrFi (D:3)
  Blork the orc (D:6)
  A big kobold (D:10)
  5 giant frogs
  2 scorpions
  The ghost of 4thArraOfDagon the Skirmisher, a weakling DsCK of Xom (D:4)
  9 wights (D:8)
  3 crimson imps
  2 giant frog zombies
  2 jellies
  2 gnoll shamans
  2 quasits
  11 orc priests
  An iguana (D:5)
  2 hounds
  11 orc wizards
  3 giant frog skeletons
  7 worker ants
  A hound zombie (D:6)
  A hound skeleton (D:8)
  A worker ant zombie (D:6)
  11 gnolls
  4 adders
  A shadow imp (D:9)
  3 oozes
  An adder skeleton (D:5)
  An adder zombie (D:4)
  5 worms
  5 giant geckos
  56 orcs
  2 ball pythons (D:3)
  7 bats
  6 giant cockroaches
  6 hobgoblins
  5 jackals
  A giant gecko zombie (D:6)
  3 giant newts
  18 goblins
  5 kobolds
  A quokka zombie (D:6)
  7 rats
263 creatures vanquished.

Notes
Turn   | Place    | Note
--------------------------------------------------------------
     0 | D:1      | kae the Minotaur Fighter began the quest for the Orb.
     0 | D:1      | Reached XP level 1. HP: 19/19 MP: 0/0
    40 | D:1      | Reached XP level 2. HP: 24/26 MP: 1/1
   313 | D:1      | Reached skill level 4 in Long Blades
   317 | D:1      | Reached XP level 3. HP: 17/31 MP: 2/2
   714 | D:2      | Reached skill level 5 in Long Blades
   772 | D:2      | Found a shimmering altar of Xom.
   775 | D:2      | Found a shattered altar of Ashenzari.
   969 | D:2      | Found a stormy altar of Qazlal.
   974 | D:2      | Reached XP level 4. HP: 23/39 MP: 3/3
   981 | D:2      | Became a worshipper of Qazlal Stormbringer
   986 | D:2      | Found an opulent altar of Gozag.
   990 | D:2      | Found a white marble altar of Elyvilon.
  1672 | D:3      | Noticed abixa's ghost (average GrFi)
  1688 | D:3      | Killed abixa's ghost
  1688 | D:3      | Reached skill level 6 in Long Blades
  1688 | D:3      | Reached XP level 5. HP: 13/45 MP: 4/4
  1834 | D:3      | Noticed an ogre
  1857 | D:3      | Killed an ogre
  1857 | D:3      | Reached skill level 7 in Long Blades
  2017 | D:3      | Acquired Qazlal's first power
  2112 | D:3      | Found an ancient bone altar of Kikubaaqudgha.
  2114 | D:3      | Found a radiant altar of Vehumet.
  2114 | D:3      | Found a deep blue altar of Sif Muna.
  2119 | D:3      | Identified Sif Muna's Guide on Good Luck
  2126 | D:3      | Identified Kikubaaqudgha's Incunabulum of Necromancy
  2133 | D:3      | Identified Vehumet's Tome of Attacks
  2371 | D:3      | Found a glowing golden altar of the Shining One.
  2647 | D:4      | Reached XP level 6. HP: 18/51 MP: 5/5
  2887 | D:4      | Reached skill level 8 in Long Blades
  3121 | D:4      | Noticed 4thArraOfDagon's ghost (weakling DsCK)
  3156 | D:4      | Killed 4thArraOfDagon's ghost
  3328 | D:4      | Reached skill level 9 in Long Blades
  3510 | D:4      | Reached XP level 7. HP: 53/57 MP: 6/6
  3815 | D:5      | Entered Level 5 of the Dungeon
  3908 | D:5      | Noticed Menkaure
  3915 | D:5      | Killed Menkaure
  4026 | D:5      | Noticed Grinder
  4097 | D:5      | Paralysed by Grinder for 3 turns
  4101 | D:5      | Killed Grinder
  4101 | D:5      | Reached skill level 10 in Long Blades
  4153 | D:5      | Acquired Qazlal's second power
  4170 | D:5      | Reached skill level 11 in Long Blades
  4245 | D:5      | Reached XP level 8. HP: 53/64 MP: 7/7
  4423 | D:5      | Got a heavily runed platinum amulet
  4552 | D:5      | Identified the amulet of the Eleven Ships {Clar MR- Dex+4} (You found it on level 5 of the Dungeon)
  4657 | D:5      | Found a staircase to the Ecumenical Temple.
  4831 | D:6      | Reached skill level 12 in Long Blades
  5094 | D:6      | Noticed Blork the orc
  5335 | D:7      | Noticed 4thArraOfDagon's ghost (experienced HOVM)
  5343 | D:7      | Killed 4thArraOfDagon's ghost
  5343 | D:7      | Reached skill level 13 in Long Blades
  5510 | D:6      | Killed Blork the orc
  5698 | D:6      | Reached XP level 9. HP: 70/70 MP: 8/8
  6028 | D:7      | Reached skill level 14 in Long Blades
  6037 | D:7      | Noticed a centaur skeleton
  6038 | D:7      | Found a snail-covered altar of Cheibriados.
  6047 | D:7      | Killed a centaur skeleton
  6371 | D:7      | Identified the Disquisition on Helpful Curses
  6405 | D:7      | Reached skill level 15 in Long Blades
  7205 | D:8      | Noticed Erolcha
  7207 | D:8      | Found a bloodstained altar of Trog.
  7213 | D:8      | Killed Erolcha
  7213 | D:8      | Acquired Qazlal's third power
  7213 | D:8      | Reached XP level 10. HP: 77/77 MP: 11/13
  7250 | D:8      | Identified a scroll of acquirement
  7312 | D:8      | Noticed Erica
  7326 | D:8      | Killed Erica
  7773 | D:8      | Noticed Psyche
  7802 | D:8      | Killed Psyche
  8056 | D:8      | Found an iron altar of Okawaru.
  8778 | D:9      | Reached skill level 10 in Invocations
  8853 | D:9      | Acquired Qazlal's fourth power
  9077 | D:9      | Found a staircase to the Orcish Mines.
  9102 | D:9      | Reached XP level 11. HP: 56/82 MP: 17/17
  9120 | D:9      | Noticed a manticore
  9122 | D:9      | Killed a manticore
  9734 | D:10     | Entered Level 10 of the Dungeon
  9772 | D:10     | Noticed Fannar
  9775 | D:10     | Noticed a hill giant
  9796 | D:10     | Found a flagged portal.
  9806 | Bailey   | Entered a bailey
 10010 | Bailey   | Slain by an orc warrior

Vault maps used:
D:1:      dpeg_arrival_orchard, minmay_misc_feat_cross, kennysheep_flooded_box
D:2:      wad_pebble_path, nicolae_overflow_hidden_temple,
          minmay_overflow_temple_star_quad, first_bread
D:3:      grunt_temple_overflow_magic_moments, tso_altar, minmay_ogre_servants
D:4:      minivault_25, lemuel_old_faithful
D:5:      temple_fountains, guppyfry_early_lair_pool, uniq_menkaure,
          uniq_grinder
D:6:      uniq_blork_the_orc
D:7:      cheibriados_altar_1
D:8:      old_standard_altar, basic_altar, uniq_erica, uniq_psyche, uniq_erolcha
D:9:      erik_orc_4, spider_trap
D:10:     enter_bailey_2, hangedman_fish_farm, uniq_fannar, uniq_nergalle
Bailey:   bailey_polearm_2, bailey

Action                   |  1- 3 |  4- 6 |  7- 9 | 10-12 || total
-------------------------+-------+-------+-------+-------++-------
Melee: Long sword        |    86 |   148 |   275 |    23 ||   532
       Great sword       |       |       |       |   207 ||   207
Invok: Upheaval          |       |       |       |     3 ||     3
Evoke: Wand              |       |       |       |     3 ||     3
  Use: Scroll            |       |     7 |     3 |     8 ||    18
       Potion            |       |     3 |       |     3 ||     6
  Eat: Chunk             |       |     8 |    10 |    10 ||    28
       Fruit             |       |       |     2 |       ||     2
       Pizza             |       |       |       |     1 ||     1
